 Dungeon Crawl Stone Soup version 0.26.0-45-g9c1d065592 (webtiles) character file.

Game seed: 11074698154509351668

19 kaeus the Sneak (level 2, -2/18 HPs)
             Began as an Octopode Enchanter on Jan 29, 2021.
             Slain by a centaur skeleton (4 damage)
             ... on level 2 of the Dungeon.
             The game lasted 00:00:48 (960 turns).

kaeus the Sneak (Octopode Enchanter)                 Turns: 960, Time: 00:00:49

Health: -2/18      AC:  1    Str:  7    XL:     2   Next: 75%
Magic:  5/5        EV: 13    Int: 17    God:
Gold:   67         SH:  0    Dex: 12    Spells: 2/5 levels left

rFire    . . .     SeeInvis .   a - +1 dagger
rCold    . . .     Faith    .   (no shield)
rNeg     . . .     Spirit   .   (helmet restricted)
rPois    .         Reflect  .   (no amulet)
rElec    .         Harm     .   (no ring)
rCorr    .         Rampage  .   (no ring)
Will     .....                  (no ring)
Stlth    +++.......             (no ring)
HPRegen  0.06/turn              (no ring)
MPRegen  0.09/turn              (no ring)
                                (no ring)
                                (no ring)

@: no status effects
A: almost no armour, stealthy swim, amphibious, 8 rings, constrict 8, camouflage
1, gelatinous body 1
a: no special abilities


You were on level 2 of the Dungeon.
You visited 1 branch of the dungeon, and saw 2 of its levels.

You collected 67 gold pieces.

Inventory:

Hand Weapons
 a - a +1 dagger (weapon)
Jewellery
 g - an uncursed ring of protection from cold {unknown}
Scrolls
 b - a scroll of fear {unknown}
 c - a scroll of teleportation {unknown}
 d - a scroll of magic mapping {unknown}
 e - a scroll of remove curse {unknown}
 i - a scroll of enchant armour {unknown}
 j - a scroll of identify {unknown}
Potions
 f - 2 potions of might {unknown}
 h - 2 potions of curing {unknown}


   Skills:
 * Level 1.1 Fighting
 + Level 1.2 Short Blades
 + Level 2.1 Dodging
 + Level 4.2 Stealth
 + Level 2.1 Spellcasting
 + Level 3.1 Hexes


You had 2 spell levels left.
You knew the following spells:

 Your Spells              Type           Power        Failure   Level
a - Corona                Hex            13%          5%          1
b - Ensorcelled Hibernat  Hex/Ice        14%          16%         2

Your spell library contained the following spells:

 Spells                   Type           Power        Failure   Level
 Confusing Touch          Hex            12%          16%         3
 Tukima's Dance           Hex            12%          16%         3
 Dazzling Flash           Conj/Hex       14%          30%         3


Dungeon Overview and Level Annotations

Branches:
Dungeon (2/15)

Altars:


Innate Abilities, Weirdness & Mutations

You cannot wear most types of armour.
You are very stealthy in the water. (Stealth+)
You are amphibious.
You can wear up to eight rings at the same time.
You can use your tentacles to constrict eight enemies at once.
Your skin changes colour to match your surroundings (Stealth+).
Your rubbery body absorbs attacks. (AC +1, EV +1)


Message History

You hit the centaur skeleton.
The centaur skeleton is moderately damaged.
The centaur skeleton barely misses you. The centaur skeleton hits you.
You take 1 damage, and have 9/18 hp.
You hit the centaur skeleton.
The centaur skeleton is moderately damaged.
The centaur skeleton hits you.
* * * LOW HITPOINT WARNING * * *
You take 5 damage, and have 4/18 hp.
MASSIVE DAMAGE!!
You hit the centaur skeleton.
You squeeze the centaur skeleton, but do no damage.
The centaur skeleton is moderately damaged.
The centaur skeleton barely misses you. The centaur skeleton hits you.
* * * LOW HITPOINT WARNING * * *
You take 2 damage, and have 2/18 hp.
You hit the centaur skeleton.
The centaur skeleton is moderately damaged.
The centaur skeleton hits you.
You die...

# ##.### .>#..
.. #.#.####...
###.#..........
...........#
######.#..#
#..<@Z....#
#.#†.!##.## #
#..#......
....#.#.###
#.####.# # #.
.# # ##


You could see a centaur skeleton.

Vanquished Creatures
  A leopard gecko (D:1)
  2 goblins (D:1)
  3 hobgoblins (D:1)
  3 bats
  3 frilled lizards (D:1)
  3 kobolds (D:1)
  5 rats (D:1)
20 creatures vanquished.

Notes
Turn   | Place    | Note
-------+----------+-------------------------------------------
     0 | D:1      | kaeus the Octopode Enchanter began the quest for the Orb.
     0 | D:1      | Reached XP level 1. HP: 11/11 MP: 3/3
   185 | D:1      | Reached XP level 2. HP: 18/18 MP: 5/5
   591 | D:1      | Reached skill level 1 in Fighting
   950 | D:2      | Learned a level 2 spell: Ensorcelled Hibernation
   960 | D:2      | Slain by a centaur skeleton

Illustrated notes

Levels and vault maps discovered:
D:1:      minmay_arrival_solitary_statue, layout_loops_ring,
          grunt_decor_fettered, grunt_decor_cap, chequers_serial_rivers_large_a
D:2:      layout_basic, okawaru_trees_1, chequers_ecumenical_altar_simple

Skill      XL: |  1  2 |
---------------+-------+-----
Fighting       | 1 |  1.1
Short Blades   | |  1.2
Dodging        | |  2.1
Stealth        | |  4.2
Spellcasting   | |  2.1
Hexes          | |  3.1

Action                   || total
-------------------------++-------
Melee: Dagger            ||    39
       Tentacles         ||     6
       Constrict         ||     5
 Stab: Sleeping          ||    12
Armor: Skin              ||     1
Dodge: Dodged            ||    10
